 Dungeon Sprint DCSS version 0.30.1-9-gdf580d7c3d (webtiles) character file.

Game seed: 2209138524095238829

1838 Heoruswealwe the Slicer (level 8, -5/82 HPs)
             Began as a Minotaur Fighter on Oct 19, 2023.
             Was an Initiate of Gozag.
             Slain by a very large slime creature (44 damage)
             ... in the Dungeon (Sprint IX: "|||||||||||||||||||||||||||||").
             The game lasted 00:04:45 (314 turns).

Heoruswealwe the Slicer (Minotaur Fighter)           Turns: 314, Time: 00:04:46

Health: -5/82      AC: 18    Str: 23    XL:     8   Next: 87%
Magic:  7/7        EV:  9    Int:  5    God:    Gozag
Gold:   495        SH:  5    Dex: 13    Spells: 7/7 levels left

rFire   . . .        a - +8 arc blade {discharge, rElec}
rCold   . . .        d - +0 buckler
rNeg    . . .        c - +0 plate armour
rPois   .            (helmet restricted)
rElec   +            h - +0 cloak
rCorr   .            f - +0 pair of gloves
SInv    .            (no boots)
Will    .....        (no amulet) Stlth
                     k - +2 ring of evasion
HPRegen 0.33/turn    j - +3 ring of dexterity
MPRegen 0.10/turn

%: no teleportation
@: no status effects
A: horns 2, retaliatory headbutt
a: Renounce Religion, Potion Petition, Call Merchant, Bribe Branch


You were in the Dungeon.
You worshipped Gozag.
Gozag was aware of your devotion.
You visited 1 branch You collected 495 gold pieces.

Inventory:

Hand Weapons
 a - the +8 arc blade (weapon) {discharge, rElec}
   (You found it in the Dungeon)

   rElec:     It insulates you from electricity.
 b - a +2 antimagic halberd
Armour
 c - a +0 plate armour (worn)
 d - a +0 buckler (worn)
 f - a +0 pair of gloves (worn)
 h - a +0 cloak (worn)
Jewellery
 j - a +3 ring of dexterity (right hand)
 k - a +2 ring of evasion (left hand)
Wands
 m - a wand of acid (10)
Scrolls
 p - 2 scrolls of blinking
Potions
 e - a potion of invisibility
 g - a potion of haste
 i - a potion of berserk rage
 l - 2 potions of heal wounds
 n - 4 potions of curing
 o - a potion of might


   Skills:
 + Level 11.5 Fighting
 * Level 12.5 Short Blades
 + Level 12.2 Polearms
 + Level 11.5 Armour
 - Level 3.6 Shields


You had 7 spell levels left.
You didn't know any spells.
Your spell library was empty.

Dungeon Overview and Level Annotations

Branches:
Dungeon (1/1)

Altars:
Cheibriados
Dithmenos
Elyvilon
Fedhas
Gozag
Hepliaklqana
Kikubaaqudgha
Makhleb
Nemelex Xobeh
Okawaru
Qazlal
Ru
Sif Muna
Trog
Uskayaw
Vehumet
Wu Jian
Xom
Yredelemnul
Zin
The Shining One
Jiyva
Lugonu


Innate Abilities, Weirdness & Mutations

You have a pair of horns on your head.
You reflexively headbutt those who attack you in melee.


Message History

The very large slime creature is lightly wounded.
The very large slime creature completely misses you.
You furiously retaliate!
You headbutt the very large slime creature.
You puncture the very large slime creature!
The arc blade crackles.
The very large slime creature is struck by an arc of lightning!
The very large slime creature is moderately wounded.
The white ugly thing is struck by an arc of lightning!
The white ugly thing is heavily wounded.
The very large slime creature is struck by an arc of lightning.
The very large slime creature is moderately wounded.
You resist.
You are struck by an arc of lightning.
The very large slime creature is struck by an arc of lightning.
The very large slime creature is moderately wounded.
You resist.
You are struck by an arc of lightning.
The very large slime creature is struck by an arc of lightning.
The very large slime creature is moderately wounded.
You resist.
You are struck by an arc of lightning.
The very large slime creature is struck by an arc of lightning.
The very large slime creature is moderately wounded.
You resist.
You are struck by an arc of lightning.
The lightning grounds out.
The very large slime creature is moderately wounded.
The very large slime creature hits you!!
You puncture the very large slime creature!
You headbutt the very large slime creature.
The very large slime creature is heavily wounded.
You hit the very large slime creature.
The very large slime creature is heavily wounded.
The very large slime creature barely misses you.
You furiously retaliate!
You headbutt the very large slime creature!
You barely miss the very large slime creature.
The very large slime creature is heavily wounded.
You hit the very large slime creature.
The very large slime creature is heavily wounded.
The very large slime creature hits you!!!
Ouch! That really hurt!
You die...
Your body crumbles into a pile of gold. $$$$$ $ $ $ $$$$ $ $ ▓▓▓▓▓▓▓▓▓▓▓▓▓▓▓▓▓▓▓▓▓▓▓▓ +....uJ@......[.....[)?! ▓▓▓▓▓▓▓▓▓▓▓▓▓▓▓▓▓▓▓▓▓▓▓▓

You could see a white ugly thing and a very large slime creature.

Vanquished Creatures
  A centaur warrior (D)
  A manticore (D)
  A komodo dragon (D)
  A hornet (D)
  A wyvern (D)
  A vampire mosquito (D)
  An orc warrior (D)
  A scorpion (D)
  An orc priest (D)
  An adder (D)
  A dart slug (D)
  2 orcs (D)
  A ball python (D)
  A giant cockroach (D)
  2 frilled lizards (D)
  A rat (D)
18 creatures vanquished.

Notes
Turn   | Place    | Note
-------+----------+-------------------------------------------
     0 | D        | Heoruswealwe the Minotaur Fighter began the quest for the
                  | Orb.
     0 | D        | Reached XP level 1. HP: 19/19 MP: 0/0
    17 | D        | Noticed a scorpion
    20 | D        | Reached XP level 2. HP: 28/28 MP: 1/1
    28 | D        | Killed a scorpion
    29 | D        | Reached XP level 3. HP: 28/37 MP: 2/2
    29 | D        | Reached XP level 4. HP: 33/44 MP: 3/3
    44 | D        | Found a snail-covered altar of Cheibriados.
    44 | D        | Found a shadowy altar of Dithmenos.
    44 | D        | Found a white marble altar of Elyvilon.
    44 | D        | Found a blossoming altar of Fedhas.
    44 | D        | Found an opulent altar of Gozag.
    45 | D        | Found a hazy altar of Hepliaklqana.
    46 | D        | Found a viscous altar of Jiyva.
    47 | D        | Found an ancient bone altar of Kikubaaqudgha.
    48 | D        | Found a corrupted altar of Lugonu.
    49 | D        | Found a burning altar of Makhleb.
    50 | D        | Found a sparkling altar of Nemelex Xobeh.
    51 | D        | Found an iron altar of Okawaru.
    52 | D        | Became a worshipper of Gozag Ym Sagoz the Greedy
    53 | D        | Found a stormy altar of Qazlal.
    54 | D        | Found a sacrificial altar of Ru.
    55 | D        | Found a shimmering blue altar of Sif Muna.
    56 | D        | Found a bloodstained altar of Trog.
    57 | D        | Found a hide-covered altar of Uskayaw.
    58 | D        | Found a radiant altar of Vehumet.
    59 | D        | Found an ornate altar of the Wu Jian Council.
    60 | D        | Found a shimmering altar of Xom.
    61 | D        | Found a basalt altar of Yredelemnul.
    62 | D        | Found a glowing silver altar of Zin.
    63 | D        | Found a glowing golden altar of the Shining One.
    71 | D        | Found the +8 arc blade {discharge, rElec}
   128 | D        | Noticed a komodo dragon
   128 | D        | Noticed an orc warrior
   128 | D        | Noticed a wyvern
   128 | D        | Noticed a vampire mosquito
   128 | D        | Noticed a hornet
   130 | D        | Paralysed by a hornet for 1 turns
   132 | D        | Killed a hornet
   133 | D        | Reached XP level 5. HP: 23/53 MP: 4/4
   133 | D        | Reached XP level 6. HP: 26/61 MP: 5/5
   136 | D        | Killed a vampire mosquito
   138 | D        | Killed a wyvern
   139 | D        | Reached skill level 10 in Polearms
   139 | D        | Reached XP level 7. HP: 22/70 MP: 6/6
   146 | D        | Killed a komodo dragon
   147 | D        | Reached skill level 10 in Fighting
   147 | D        | Reached skill level 10 in Short Blades
   147 | D        | Reached skill level 10 in Armour
   295 | D        | Noticed a white ugly thing
   295 | D        | Noticed a slime creature
   295 | D        | Noticed a slime creature
   295 | D        | Noticed a slime creature
   295 | D        | Noticed a centaur warrior
   295 | D        | Noticed a manticore
   301 | D        | Killed a manticore
   302 | D        | Reached XP level 8. HP: 60/81 MP: 7/7
   307 | D        | Killed a centaur warrior
   314 | D        | Slain by a very large slime creature

Illustrated notes

Levels and vault maps discovered:
D:        linesprint [early_d, line_temple, items_1, d_10, items_2, lair_1,
          lair_end, items_3, orc_1, orc_end, items_4, d_15, swamp_1, shoals_1,
          snake_1, spider_1, d_20, vaults_1, items_5, swamp_end, shoals_end,
          snake_end, spider_end, vaults_end, d_27, items_6, zot_1, zot_end,
          crypt_end, forest_end, elf_end, slime_end, tomb_end, abyss_end,
          pan_hell_end]

Skill      XL: |  1  2  3  4  5  6  7  8 |
---------------+-------------------------+-----
Polearms       | 4 7 9 10 11 12 | 12.2
Fighting       | 4 6 8 9 10 11 | 11.5
Armour         | 4 6 8 9 10 11 | 11.5
Short Blades   | 6 8 11 12 | 12.5
Shields        | |  3.6

Action                     |  1- 3 |  4- 6 |  7- 9 || total
---------------------------+-------+-------+-------++-------
  Melee: Trident           |    16 |     5 |       ||    21
         Headbutt          |     5 |     1 |     3 ||     9
         Rapier            |       |    10 |    22 ||    32
    Use: Potion            |     1 |       |     1 ||     2
 Armour: Scale mail        |     3 |     1 |       ||     4
         Ring mail         |       |     5 |       ||     5
         Plate armour      |       |       |     8 ||     8
  Dodge: Dodged            |     7 |     5 |     5 ||    17
  Block: Buckler           |       |     2 |     2 ||     4
